 Dungeon Crawl Stone Soup version 0.20.1-1-g8b1a95d (webtiles) character file.

10719 letownia2 the Reanimator (level 11, -1/95 (96) HPs)
             Began as a Deep Dwarf Necromancer on Dec 23, 2017.
             Was an Initiate of Gozag.
             Slain by a shadow (6 damage)
             ... on level 11 of the Dungeon.
             The game lasted 00:41:44 (10746 turns).

letownia2 the Reanimator (Deep Dwarf Necromancer)  Turns: 10746, Time: 00:41:44

HP:   -1/95 (96)    AC:  8    Str: 13    XL:     11   Next: 39%
MP:   23/23         EV: 10    Int: 18    God:    Gozag
Gold: 675           SH:  0    Dex: 13    Spells: 23/27 levels left

rFire    + . .     SeeInvis .   a - +2 dagger (elec)
rCold    . . .     Gourm    .   (no shield)
rNeg     + . .     Faith    .   j - +0 scale mail
rPois    .         Spirit   .   I - +0 helmet
rElec    .         Reflect  .   (no cloak)
rCorr    .         Harm     .   (no gloves)
MR       +....                  (no boots)
Stlth    +.........             K - amulet of magic regeneration
Regen    0.0/turn               Z - ring of protection from fire
MPRegen  0.3/turn               q - ring of positive energy

@: non-regenerating
A: damage resistance, heal wounds, sense surroundings 2, no regeneration
a: Heal Wounds, Potion Petition, Call Merchant, Bribe Branch, Renounce Religion


You were on level 11 of the Dungeon.
You worshipped Gozag.
Gozag was pleased with you.
You were not hungry.

You visited 2 branches of the dungeon, and saw 12 of its levels.

You collected 2257 gold pieces.
You paid 1582 gold pieces to Gozag.

Inventory:

Hand Weapons
 a - a +2 dagger of electrocution (weapon)
 b - a +2 dagger of venom
 S - a +0 trident of venom
 Y - a +1 battleaxe
Missiles
 o - 8 curare-tipped needles
 x - 4 javelins (quivered)
 D - 138 bolts
 V - 3 throwing nets
Armour
 g - a +3 leather armour
 h - a +0 chain mail of magic resistance
 j - a +0 scale mail (worn)
 m - the +8 orange crystal plate armour {Archmagi, Int+3 Clar}
   (You found it on level 9 of the Dungeon)

   It affects your intelligence (+3).
   It protects you against confusion.
 t - a +2 buckler
 I - a +0 helmet (worn)
 R - a +0 ring mail
Magical Staves
 e - an uncursed staff of cold
Jewellery
 f - an uncursed ring of protection from fire
 q - a ring of positive energy (right hand)
 y - an uncursed amulet of rage
 K - an amulet of magic regeneration (around neck)
 W - an uncursed ring of protection from magic
 Z - a ring of protection from fire (left hand)
Wands
 s - a wand of confusion (8/48)
 C - a wand of lightning (10/15)
 G - a wand of flame (16/48)
 P - a wand of paralysis (3/24)
 U - a wand of acid (8/15)
Scrolls
 d - a scroll of noise {unknown}
 i - 6 scrolls of identify
 l - 7 scrolls of teleportation
 n - 2 scrolls of immolation {unknown}
 p - 5 scrolls of enchant weapon
 r - 5 scrolls of blinking {unknown}
 u - 2 scrolls of random uselessness {unknown}
 v - a scroll of amnesia {unknown}
 z - 7 scrolls of remove curse
 B - a scroll of enchant armour {unknown}
 F - 2 scrolls of fear {unknown}
 H - a scroll of brand weapon {unknown}
Potions
 k - 2 potions of cancellation {unknown}
 w - a potion of lignification {unknown}
 A - 2 potions of heal wounds {unknown}
 J - 2 potions of haste {unknown}
 M - a potion of flight {unknown}
 O - 3 potions of degeneration {unknown}
 Q - a potion of brilliance {unknown}
 T - a potion of agility {unknown}
 X - 3 potions of curing {unknown}
Miscellaneous
 L - a lightning rod (4/4)
Comestibles
 c - 8 bread rations
 E - 3 meat rations
 N - 6 fruits


   Skills:
 + Level 5.5 Fighting
 + Level 4.0 Armour
 - Level 3.2 Dodging
 - Level 2.4 Stealth
 - Level 8.5 Spellcasting
 + Level 14.0 Necromancy
 - Level 4.1 Evocations


You had 23 spell levels left.
You knew the following spells:

 Your Spells              Type           Power        Failure   Level  Hunger
a - Pain                  Necr           ####         1%          1    None
v - Vampiric Draining     Necr           ######....   1%          3    None


Dungeon Overview and Level Annotations

Branches:
Dungeon (11/15)            Temple (1/1) D:4            Lair (0/6) D:8
    Orc (0/2) D:10

Altars:
Ashenzari
Cheibriados
Dithmenos
Elyvilon
Fedhas
Gozag
Kikubaaqudgha
Makhleb
Nemelex Xobeh
Okawaru
Ru
Sif Muna
Trog
Uskayaw
Vehumet
Xom
Yredelemnul
Zin
The Shining One

Shops:
D:10 ([

Annotations:
D:4 Ymberto's ghost, amateur DEFE


Innate Abilities, Weirdness & Mutations

You are resistant to damage.
You can heal yourself by infusing magical energy.
You passively map the area around you.
You do not regenerate.


Message History

x - 4 javelins (gained 2)
Found a lightning rod (4/4).
You see here a lightning rod (4/4).
You can't carry that many items.
Drop what? 52/52 slots (_ for help) (? for menu, Esc to quit)
You drop a +1 whip of freezing.
You see here a lightning rod (4/4).
L - a lightning rod (4/4) Drop what? 52/52 slots (_ for help) (? for menu, Esc to quit)
Okay, then.
You hear the crackling of a distant melting archway.
Found 9 gold pieces.
A shadow comes into view.
The shadow slips into darkness.
The shadow flickers and vanishes!
Deactivating autopickup; reactivate with Ctrl-A.
There is a stone staircase leading up here.
The shadow strikes at you from the darkness!
You die...
Your body crumbles into a pile of gold.

...##+#############....§.§.§.
*
*#....................§§#####
#....................§.≈≈≈≈≈ ,
#......................≈≈≈≈≈ ,
#......................≈≈≈≈≈
#.......................≈≈≈.
**#.......................≈≈≈.
.......#####.....#####....≈≈≈.
,.......#...#.@...# #.....≈#.
...$.{.#...'.....# #......'. +
.......#...#.....# #......#.
.......#...#.....# #.....)#.
.......#..##.....## #>.....##
* ###########.......#
######.<. #.......# #...
#.......# #... #.......# #...


There were no monsters in sight!

Vanquished Creatures
  5 two-headed ogres
  Pikel (D:4)
  The ghost of OnekoMk1 the Thaumaturge, a novice DEAE of Sif Muna (D:8)
  A gargoyle (D:11)
  A troll (D:10)
  Grinder (D:3)
  Sigmund (D:3)
  3 hippogriffs
  A steam dragon (D:8)
  4 yaks (D:9)
  An acid dragon (D:10)
  Duvessa (D:6)
  2 water moccasins (D:9)
  A hornet zombie (D:10)
  3 ice beasts
  A necrophage (D:7)
  4 slaves
  A black bear (D:8)
  A sky beast (D:10)
  2 eyes of draining (D:3)
  5 ogres
  4 centaurs
  A crocodile (D:10)
  Blork the orc (D:6)
  2 big kobolds
  6 bullfrogs
  5 scorpions
  Dowan (D:6)
  8 killer bees
  4 wights (D:7)
  4 howler monkeys
  2 crimson imps
  A bullfrog zombie (D:5)
  A bullfrog skeleton (D:10)
  2 orc priests
  2 hounds
  5 iguanas
  4 jellies
  3 worker ants
  2 orc wizards
  2 killer bee zombies
  2 worker ant zombies
  3 gnolls (D:7)
  A howler monkey skeleton (D:7)
  18 adders
  2 shadow imps
  2 oozes
  3 adder skeletons
  2 adder zombies
  5 worms
  3 dart slugs
  5 leopard geckos
  12 orcs
  A bat zombie (D:2)
  6 giant cockroaches
  9 goblins
  7 hobgoblins
  13 jackals
  3 quokkas
  A ball python (D:3)
  9 bats
  10 frilled lizards
  2 jackal skeletons
  A jackal zombie (D:6)
  12 kobolds
  A leopard gecko skeleton (D:5)
  2 leopard gecko zombies
  2 quokka skeletons (D:4)
  11 rats
249 creatures vanquished.

Notes
Turn   | Place    | Note
-------+----------+-------------------------------------------
     0 | D:1      | letownia2 the Deep Dwarf Necromancer began the quest for the Orb.
     0 | D:1      | Reached XP level 1. HP: 15/15 MP: 3/3
   195 | D:2      | Reached XP level 2. HP: 22/22 MP: 1/5
   433 | D:3      | Reached skill level 5 in Necromancy
   433 | D:3      | Reached XP level 3. HP: 28/28 MP: 1/6
   438 | D:3      | Learned a level 3 spell: Vampiric Draining
   867 | D:3      | Noticed Grinder
   872 | D:3      | Paralysed by Grinder for 5 turns
  1243 | D:4      | Reached XP level 4. HP: 29/36 MP: 5/8
  1290 | D:4      | Noticed a slave
  1579 | D:4      | Found a staircase to the Ecumenical Temple.
  1585 | Temple   | Entered the Ecumenical Temple
  1673 | Temple   | Reached skill level 6 in Necromancy
  1673 | Temple   | Reached XP level 5. HP: 33/42 MP: 2/9
  1720 | Temple   | Became a worshipper of Gozag Ym Sagoz the Greedy
  2259 | D:3      | Noticed Sigmund
  2355 | D:3      | Killed Sigmund
  2355 | D:3      | Reached skill level 7 in Necromancy
  2355 | D:3      | Reached XP level 6. HP: 20/49 MP: 1/10
  2462 | D:3      | Reached skill level 8 in Necromancy
  2573 | D:3      | Reached XP level 7. HP: 33/55 MP: 1/11
  2576 | D:3      | Found a bloodstained altar of Trog.
  2998 | D:3      | Killed Grinder
  2998 | D:3      | Reached skill level 1 in Fighting
  3946 | D:4      | Noticed Pikel
  3965 | D:4      | Noticed Ymberto's ghost (amateur DEFE)
  4718 | D:5      | Entered Level 5 of the Dungeon
  4731 | D:5      | Noticed Ijyb
  4736 | D:5      | Noticed Ijyb
  4736 | D:5      | Ijyb changed into Ijyb the adder
  4738 | D:5      | Killed Ijyb the adder
  5219 | D:5      | Reached XP level 8. HP: 57/66 MP: 6/14
  5554 | D:4      | Killed Pikel
  6153 | D:6      | Noticed Dowan
  6163 | D:6      | Noticed Duvessa
  6306 | D:6      | Killed Dowan
  6335 | D:6      | Killed Duvessa
  6402 | D:6      | Noticed Blork the orc
  6430 | D:6      | Gained mutation: You passively map the area around you. [Deep Dwarf growth]
  6430 | D:6      | Reached XP level 9. HP: 42/73 MP: 1/20
  6519 | D:6      | Found a burning altar of Makhleb.
  6611 | D:6      | Killed Blork the orc
  6741 | D:6      | Found a glowing golden altar of the Shining One.
  6744 | D:6      | Found a shimmering altar of Xom.
  6747 | D:6      | Found a snail-covered altar of Cheibriados.
  7098 | D:7      | Found a radiant altar of Vehumet.
  7159 | D:7      | Reached skill level 9 in Necromancy
  7648 | D:8      | Noticed OnekoMk1's ghost (novice DEAE)
  7817 | D:8      | Reached skill level 1 in Armour
  7864 | D:8      | Reached XP level 10. HP: 74/86 MP: 4/22
  7870 | D:8      | Found a staircase to the Lair.
  7889 | D:8      | Reached skill level 10 in Necromancy
  7944 | D:8      | Found a deep blue altar of Sif Muna.
  7946 | D:8      | Found a basalt altar of Yredelemnul.
  7947 | D:8      | Found a blossoming altar of Fedhas.
  8049 | D:8      | Killed OnekoMk1's ghost
  8091 | D:8      | Noticed a two-headed ogre
  8127 | D:8      | Killed a two-headed ogre
  8127 | D:8      | Reached skill level 11 in Necromancy
  8385 | D:9      | Noticed a two-headed ogre
  8502 | D:9      | Noticed a two-headed ogre
  8543 | D:9      | Killed a two-headed ogre
  8543 | D:9      | Reached skill level 12 in Necromancy
  8608 | D:9      | Noticed a two-headed ogre
  8819 | D:9      | Killed a two-headed ogre
  8819 | D:9      | Reached skill level 13 in Necromancy
  9076 | D:9      | Killed a two-headed ogre
  9076 | D:9      | Reached XP level 11. HP: 43/92 MP: 0/23
  9667 | D:10     | Entered Level 10 of the Dungeon
  9869 | D:10     | Noticed a two-headed ogre
  9891 | D:10     | Killed a two-headed ogre
  9891 | D:10     | Reached skill level 5 in Fighting
  9955 | D:10     | Found a staircase to the Orcish Mines.
 10061 | D:10     | Found an ancient bone altar of Kikubaaqudgha.
 10389 | D:10     | Reached skill level 14 in Necromancy
 10746 | D:11     | Slain by a shadow

Skill      XL: |  1  2  3  4  5  6  7  8  9 10 11 |
---------------+----------------------------------+-----
Spellcasting   | 2 3 4 7 8 |  8.5
Necromancy     | 5 6 7 8 9 13 14 | 14.0
Fighting       | 1 4 5 |  5.5
Evocations     | 4 |  4.1
Armour         | 1 2 4 |  4.0
Dodging        | 3 |  3.2
Stealth        | |  2.4

Action                   |  1- 3 |  4- 6 |  7- 9 | 10-12 || total
-------------------------+-------+-------+-------+-------++-------
Melee: Unarmed           |     1 |       |       |       ||     1
       Dagger            |     1 |    39 |   115 |   170 ||   325
       Scythe            |       |    17 |    60 |       ||    77
Throw: Javelin           |       |     3 |    25 |    27 ||    55
 Cast: Pain              |    53 |    53 |   169 |    13 ||   288
       Vampiric Draining |     1 |     6 |    98 |    98 ||   203
Invok: Call Merchant     |       |       |       |     2 ||     2
 Abil: Evoke Berserk Rag |       |       |       |     1 ||     1
Evoke: Wand              |       |       |     8 |    29 ||    37
  Use: Scroll            |       |     1 |       |     5 ||     6
 Stab: Sleeping          |     1 |       |     3 |       ||     4
       Confused          |       |       |     1 |       ||     1
       Distracted        |       |       |     1 |       ||     1
       Paralysed         |       |       |       |    16 ||    16
  Eat: Chunk             |     2 |     2 |     3 |       ||     7
       Meat ration       |       |     1 |     2 |     2 ||     5
       Royal jelly       |       |       |     3 |       ||     3
       Fruit             |       |       |     1 |     1 ||     2
Armor: Robe              |     2 |       |       |       ||     2
       Ring mail         |    16 |    22 |    94 |    16 ||   148
       Scale mail        |       |       |       |    74 ||    74
Dodge: Dodged            |    33 |    47 |   204 |   122 ||   406
